 Dungeon Crawl Stone Soup version 0.31-a0-152-g6aa68a64a1 (webtiles) character file.

Game seed: 11962064270040243518

1 comborobin the Sneak (level 1, -5/13 HPs)
             Began as a Deep Elf Delver on June 10, 2023.
             Slain by Edmund
             ... wielding a +0 heavy dire flail
              (10 damage)
             ... on level 5 of the Dungeon.
             The game lasted 00:00:24 (82 turns).

comborobin the Sneak (Deep Elf Delver)                Turns: 82, Time: 00:00:25

Health: -5/13      AC:  3    Str:  9    XL:     1   Next: 16%
Magic:  3/3        EV: 12    Int: 14    God:
Gold:   1          SH:  0    Dex: 16    Spells: 0/0 levels left

rFire   . . .        a - +0 short sword
rCold   . . .        (no shield)
rNeg    . . .        b - +0 leather armour
rPois   .            (no helmet)
rElec   .            (no cloak)
rCorr   .            (no gloves)
SInv    .            (no boots)
Will    .....        (no amulet)
Stlth   +++          (no ring)
HPRegen 0.22/turn    (no ring)
MPRegen 0.08/turn

%: no passive effects
@: hasted, very quick
A: no striking features
a: no special abilities


You were on level 5 of the Dungeon.
You visited 1 branch of the dungeon, and saw 2 of its levels.

You collected 1 gold pieces.

Inventory:

Hand Weapons
 a - a +0 short sword (weapon)
Armour
 b - a +0 leather armour (worn)
Wands
 g - a wand of digging (2)
Scrolls
 c - a scroll of fog
 d - a scroll of magic mapping
 e - a scroll of fear
Potions
 h - 2 potions of mutation {unknown}


   Skills:
 - Level 2.4 Fighting
 + Level 2.1 Short Blades
 - Level 2.4 Dodging
 - Level 6.0 Stealth


You couldn't memorise any spells.
You didn't know any spells.
Your spell library was empty.

Dungeon Overview and Level Annotations

Branches:
Dungeon (6/15)
 Temple: D:4-7

Altars:

Annotations:
D:5 Edmund, Eustachio, Sigmund


Message History

You climb upwards.
There is a stone staircase leading down here.
You closely miss the kobold. You punch the kobold, but do no damage.
You closely miss the kobold. The kobold misses you.
You hit the kobold but do no damage. The kobold closely misses you.
You hit the kobold.
You kill the kobold!
You see here a +0 dagger.
No target in view!
No target in view!
Eustachio the Magnificent comes into view.
He is wielding a +2 heavy falchion.
Okay, then.
There is a stone staircase leading down here.
Aiming: Dig
Press: ? - help, Shift-Dir - straight line A rock wall.
The rock shatters into small pieces.
You start waiting.
Eustachio is nearby!
Found 2 glowing amethyst potions.
Found a stone staircase leading up.
An ufetubus comes into view.
Edmund the Younger comes into view.
He is wielding a +0 heavy dire flail and carrying a wand of polymorph (7).
The ufetubus shouts!
Edmund shouts!
Sigmund the Dreaded comes into view.
He is wielding a +0 scythe.
Found 15 gold pieces.
A scorpion comes into view.
Edmund hits you with a +0 heavy dire flail!
Ouch! That really hurt!
You see here 2 glowing amethyst potions.
h - 2 glowing amethyst potions The ufetubus closely misses you.
The ufetubus hits you but does no damage.
You feel yourself speed up.
Sigmund shouts!
The ufetubus hits you but does no damage.
The ufetubus closely misses you.
Edmund hits you with a +0 heavy dire flail!
Ouch! That really hurt!
You die...

..# # ..#.##. ..#...
###....# #.#....
#....<.# #.#....
#@#....# .......
#@#....### .......
#.@....... #.......
##5##..#$#.
##.......##..##..#
##................#
.......###.#......#
...#..###.##.##.##
.......##.##......
#...##.##.#..#.#
...###......##.#.##.#


You could see Edmund, Sigmund and an ufetubus.

Vanquished Creatures
  A kobold (D:5)
1 creature vanquished.

Notes
Turn   | Place    | Note
-------+----------+-------------------------------------------
     0 | D:5      | comborobin the Deep Elf Delver began the quest for the Orb.
     0 | D:5      | Reached XP level 1. HP: 13/13 MP: 3/3
    29 | D:6      | Noticed a kobold brigand
    60 | D:5      | Noticed Eustachio
    78 | D:5      | Noticed Edmund
    79 | D:5      | Noticed Sigmund
    80 | D:5      | Noticed a scorpion
    82 | D:5      | Slain by Edmund

Illustrated notes

Levels and vault maps discovered:
D:5:      layout_loops_cross, nicolae_overflow_crystal_walls, kennysheep_potato,
          uniq_eustachio, uniq_edmund, uniq_sigmund
D:6:      gammafunk_wand_slinger, layout_loops_ring, minmay_temple_entry_waves,
          gammafunk_ghost_icy, roderic_nine_men_s_morris

Action                     || total
---------------------------++-------
  Melee: Short sword       ||     4
         Punch             ||     1
  Evoke: Wand              ||     1
    Use: Potion            ||     1
 Armour: Leather armour    ||     2
  Dodge: Dodged            ||     8

Table legend: (Time is in decaauts)
 A = Elapsed time spent in this place.
 B = Non-inter-level travel time spent in this place.
 C = Inter-level travel time spent in this place.
 D = Time resting spent in this place.
 E = Time spent auto-exploring this place.
 F = Levels seen in this place.
 G = Mean time per level.
                   A        B        C        D        E       F      G
               +--------+--------+--------+--------+--------+-----+--------+
         Total |     81 |     81 |      0 |      2 |     25 |   2 |   40.5 |
       Dungeon |     81 |     81 |      0 |      2 |     25 |   2 |   40.5 |
               +--------+--------+--------+--------+--------+-----+--------+

Top non-repeatable levels by time:
     D:6: 47 daAuts
     D:5: 34 daAuts
